AoeStats
← [GDL] Maldito Pantoja

Nomad

503962219Analyzed
4v4 RM · 1mo ago on Sep 3, 2026· 42m 5s· 8 players
Game mode
Random Map
Map size
231×231
Population
200
Speed
Normal
Resources
Standard
Victory
Conquest
Starting age
Dark Age
Ending age
Imperial Age
RankedLock teamsTeams togetherTeam positionsShared explorationLock speedFull tech treeHidden civsTurbo modeCheats
Victory
Defeat
🇨🇳 Tatars · China
1376
+12
🇨🇳 Bulgarians · China
1370
+12
🇨🇳 Wu · China
1366
+13
🇨🇳 Vietnamese · China
1346
+13
🇲🇽 Maya · Mexico
1329
-14
🇵🇪 Sicilians · Peru
1303
-13
🇨🇳 Berbers · China
1279
-12
🇵🇪 Dravidians · Peru
1251
-11
[GDL] Maldito Pantoja
3:32 Loom
13:26 Feudal Age
14:27 Double-Bit Axe
19:46 Castle Age
18:49 Gold Mining
20:36 Fletching
21:41 Padded Archer Armor
23:20 Wheelbarrow
25:10 Bodkin Arrow
34:45 Imperial Age
32:53 Bow Saw
32:35 Stone Mining
33:16 Leather Archer Armor
33:40 Hand Cart
33:11 Town Watch
34:42 Heated Shot
35:32 Bracer
36:33 Chemistry
36:17 Conscription
39:32 Ring Archer Armor
39:06 Caravan
39:37 Coinage
39:34 Thumb Ring
39:53 Ballistics
Magicnet
18:37 Feudal Age
19:43 Double-Bit Axe
19:48 Fishing Lines
20:39 Loom
22:34 Stone Mining
25:10 Castle Age
23:10 Fletching
23:20 Padded Archer Armor
23:44 Gold Mining
25:39 Town Watch
25:25 Crossbowman
25:50 Crossbowman
26:54 Bodkin Arrow
34:44 Imperial Age
33:16 Stone Shaft Mining
34:52 Gold Shaft Mining
34:55 Medium Warships
36:17 Bow Saw
36:28 Elite Serjeant
JK_TheBest
4:10 Loom
13:51 Feudal Age
15:08 Wheelbarrow
14:20 Double-Bit Axe
20:21 Castle Age
18:42 Gold Mining
19:43 Stone Mining
20:45 Fishing Lines
21:55 Medium Warships
23:24 Gillnets
24:55 Scale Mail Armor
25:06 Forging
25:11 Bow Saw
27:34 Gambesons
28:44 Fletching
29:30 Horse Collar
31:48 Chain Mail Armor
37:09 Hand Cart
42:27 Imperial Age
42:43 Imperial Age
Salkeliet
战歌
5:36 Loom
14:02 Feudal Age
15:22 Man-at-Arms
19:26 Castle Age
18:21 Arson
18:24 Double-Bit Axe
18:42 Gold Mining
20:11 Long Swordsman
21:19 Bow Saw
20:57 Fishing Lines
22:52 Forging
23:20 Scale Mail Armor
24:10 Medium Warships
24:39 Wheelbarrow
26:42 Squires
27:16 Hand Cart
32:20 Gillnets
35:09 Iron Casting
36:51 Chain Mail Armor
37:16 Fletching
41:11 Imperial Age
38:39 Elite Skirmisher
39:23 Bodkin Arrow
40:06 Padded Archer Armor
41:05 Leather Archer Armor
41:13 Ballistics
41:54 Two-Handed Swordsman
黑石塔
3:33 Loom
12:50 Feudal Age
16:43 Castle Age
15:01 Double-Bit Axe
18:02 Bow Saw
18:05 Fishing Lines
19:47 Horse Collar
21:46 Town Watch
22:52 Heavy Plow
25:35 Medium Warships
28:29 Gold Mining
28:29 Stone Mining
28:59 Bloodlines
28:50 Husbandry
34:18 Imperial Age
32:25 Wheelbarrow
32:03 Scale Barding Armor
32:08 Forging
32:12 Silk Armor
33:18 Chain Barding Armor
33:34 Iron Casting
34:07 Hand Cart
36:02 Plate Barding Armor
36:40 Conscription
36:03 Elite Steppe Lancer
39:23 Gold Shaft Mining
38:57 Herbal Medicine
41:46 Timurid Siegecraft
卢华
5:01 Loom
14:51 Feudal Age
20:53 Castle Age
19:45 Horse Collar
19:53 Double-Bit Axe
20:32 Gold Mining
21:20 Fletching
22:16 Bodkin Arrow
26:09 Wheelbarrow
25:21 Town Watch
26:50 Town Patrol
28:11 Hand Cart
28:36 Ballistics
36:07 Imperial Age
33:55 Thumb Ring
33:52 Padded Archer Armor
35:07 Bow Saw
35:04 Heavy Plow
35:57 Leather Archer Armor
36:27 Stone Mining
37:08 Bracer
37:12 Husbandry
37:23 Bloodlines
38:27 Chemistry
38:16 Stone Shaft Mining
38:57 Ring Archer Armor
38:27 Heavy Cavalry Archer
39:13 Light Cavalry
41:46 Paper Money
andfoul
Connection lost

Rejoining the realm…

Still unreachable

The connection could not be restored.

Session expired

The server has moved on; the page needs a fresh start.